 Dungeon Crawl Stone Soup version 0.28.0-53-g5a82cb258f (webtiles) character file.

Game seed: 7230636572561504537

41 cbfl8 the Skirmisher (level 3, 0/33 HPs)
             Began as a Hill Orc Fighter on July 17, 2022.
             Slain by Natasha (2 damage)
             ... on level 2 of the Dungeon.
             The game lasted 00:00:39 (876 turns).

cbfl8 the Skirmisher (Hill Orc Fighter)              Turns: 876, Time: 00:00:39

Health: 0/33       AC:  7    Str: 20    XL:     3   Next: 52%
Magic:  3/3        EV:  9    Int:  8    God:
Gold:   57         SH:  4    Dex: 10    Spells: 2/2 levels left

rFire   . . .      SeeInvis .   a - +0 war axe
rCold   . . .      Faith    .   c - +0 buckler
rNeg    . . .      Spirit   .   b - +0 scale mail
rPois   .          Reflect  .   (no helmet)
rElec   .          Harm     .   (no cloak)
rCorr   .          Rampage  .   (no gloves)
Will    .....                   (no boots)
Stlth   ..........              (no amulet)
HPRegen 0.11/turn               (no ring)
MPRegen 0.08/turn               (no ring)

@: no status effects
A: no striking features
a: no special abilities


You were on level 2 of the Dungeon.
You visited 1 branch of the dungeon, and saw 2 of its levels.

You collected 57 gold pieces.

Inventory:

Hand Weapons
 a - a +0 war axe (weapon)
Armour
 b - a +0 scale mail (worn)
 c - a +0 buckler (worn)
Scrolls
 e - a scroll of enchant weapon {unknown}
 g - a scroll of fog {unknown}
Potions
 d - a potion of might
 f - a potion of mutation {unknown}


   Skills:
 + Level 4.0 Fighting
 + Level 3.6 Axes
 + Level 3.7 Armour
 + Level 0.1 Dodging
 + Level 3.5 Shields


You had 2 spell levels left.
You didn't know any spells.
Your spell library was empty.

Dungeon Overview and Level Annotations

Branches:
Dungeon (2/15)

Altars:

Shops:
D:1 [

Annotations:
D:2 Natasha


Message History

You slash the shadow imp!
The shadow imp is severely wounded.
You slash Natasha! You block Natasha's attack.
The shadow imp closely misses you.
There are monsters nearby!
You slash the shadow imp!
You kill the shadow imp!
The shadow imp disappears in a puff of smoke!
You barely miss Natasha. Natasha closely misses you. Natasha barely misses you.
Natasha is nearby!
You barely miss Natasha.
Natasha is severely wounded.
Natasha claws you!
Natasha is nearby!
You barely miss Natasha.
Natasha is severely wounded.
Natasha growls.
Natasha claws you.
Natasha is nearby!
You barely miss Natasha.
Natasha is severely wounded.
Natasha claws you. x2
* * * LOW HITPOINT WARNING * * *
Natasha is nearby!
You are too injured to fight recklessly!
Natasha is nearby!
You are too injured to fight recklessly!
Natasha is nearby!
You are too injured to fight recklessly!
You miss Natasha.
Natasha is severely wounded.
Natasha claws you!
* * * LOW HITPOINT WARNING * * *
You barely miss Natasha.
Natasha is severely wounded.
Natasha barely misses you. x2
You closely miss Natasha.
Natasha is severely wounded.
Natasha claws you.
You die...

##### #...# ####
#...# ...# #...# ...#
####### #...##h..#
....).######....@...#
###...............###
#.............#...#
#.#...†.......#...#
#<#.....#.....+....#
###.###.#.....#....#
......#.#.....####.+
###.#.#.#####.# ##
#.#.#.# #.#


You could see Natasha.

Vanquished Creatures
  An adder (D:2)
  2 dart slugs
  An endoplasm (D:1)
  3 giant cockroaches
  A goblin (D:1)
  4 hobgoblins (D:1)
  3 quokkas (D:1)
  A ball python (D:1)
  4 bats (D:1)
  A frilled lizard (D:2)
  A kobold (D:1)
  5 rats (D:1)
27 creatures vanquished.

Notes
Turn   | Place    | Note
-------+----------+-------------------------------------------
     0 | D:1      | cbfl8 the Hill Orc Fighter began the quest for the Orb.
     0 | D:1      | Reached XP level 1. HP: 19/19 MP: 1/1
    78 | D:1      | Found a faded altar of an unknown god.
   152 | D:1      | Reached XP level 2. HP: 22/27 MP: 2/2
   294 | D:1      | Reached skill level 4 in Fighting
   434 | D:1      | Reached XP level 3. HP: 31/33 MP: 3/3
   682 | D:1      | Found Dajoblil's Armour Shop.
   865 | D:2      | Noticed Natasha
   874 | D:2      | HP: 1/33 [Natasha (8)]
   876 | D:2      | Slain by Natasha

Illustrated notes

Levels and vault maps discovered:
D:1:      beargit_arrival_greenhouse, layout_rooms, serial_shops, shop,
          basic_ecumenical_altar
D:2:      cheibrodos_pilgrimage, layout_basic, uniq_natasha

Skill      XL: |  1  2 |
---------------+-------+-----
Axes           | 3 |  3.6
Fighting       | 4 |  4.0
Armour         | |  3.7
Dodging        | |  0.1
Shields        | |  3.5

Action                   || total
-------------------------++-------
Melee: War axe           ||    72
Armor: Scale mail        ||    36
Dodge: Dodged            ||    38
Block: Buckler           ||    20
